 Dungeon Crawl Stone Soup version 0.21.1-1-g345015f (webtiles) character file.

3495 poirepourri the Blocker (level 10, -9/66 HPs)
             Began as a Gargoyle Fighter on July 13, 2018.
             Was a Believer of Makhleb.
             Mangled by a two-headed ogre
             ... wielding a +0 giant club
              (16 damage)
             ... on level 8 of the Dungeon.
             The game lasted 00:08:14 (7125 turns).

poirepourri the Blocker (Gargoyle Fighter)          Turns: 7125, Time: 00:08:15

Health: -9/66      AC: 17    Str: 20    XL:     10   Next: 7%
Magic:  10/10      EV:  8    Int:  9    God:    Makhleb [**....]
Gold:   427        SH: 16    Dex: 12    Spells: 9/9 levels left

rFire    x . .     SeeInvis +   a - +4 flail
rCold    + . .     Gourm    .   c - +2 shield
rNeg     + . .     Faith    .   b - +0 scale mail
rPois    ∞         Spirit   .   g - +2 helmet
rElec    +         Reflect  +   (no cloak)
rCorr    .         Harm     .   (no gloves)
MR       .....                  (no boots)
Stlth    ..........             r - +2 amulet of reflection
HPRegen  0.21/turn              h - ring of see invisible
MPRegen  0.12/turn              s - ring of ice

@: no status effects
A: negative energy resistance 1, electricity resistance, unbreathing,
petrification resistance, rot immunity, AC +7
a: Minor Destruction, Renounce Religion


You were on level 8 of the Dungeon.
You worshipped Makhleb.
Makhleb was pleased with you.
You were not hungry.

You visited 2 branches of the dungeon, and saw 9 of its levels.

You collected 427 gold pieces.

Inventory:

Hand Weapons
 a - a +4 flail (weapon)
Missiles
 l - 57 bolts
 m - 11 tomahawks (quivered)
Armour
 b - a +0 scale mail (worn)
 c - a +2 shield (worn)
 g - a +2 helmet (worn)
Jewellery
 h - a ring of see invisible (left hand)
 r - a +2 amulet of reflection (around neck)
 s - a ring of ice (right hand)
Wands
 d - a wand of iceblast (12)
 v - a wand of digging (10)
Scrolls
 i - 7 scrolls of remove curse
 o - a scroll of teleportation
 t - a scroll of fog
Potions
 e - a potion of resistance
 j - a potion of lignification {unknown}
 k - a potion of berserk rage {unknown}
 n - 3 potions of haste
 p - a potion of flight {unknown}
 q - 2 potions of curing
 u - a potion of heal wounds
 w - a potion of cancellation {unknown}
Comestibles
 f - 6 rations


   Skills:
 - Level 9.0 Fighting
 - Level 8.2 Maces & Flails
 - Level 3.2 Armour
 + Level 10.1 Shields


You had 9 spell levels left.
You didn't know any spells.

Dungeon Overview and Level Annotations

Branches:
Dungeon (8/15)             Temple (1/1) D:6
   Lair: D:8-11

Altars:
Ashenzari
Elyvilon
Fedhas
Gozag
Hepliaklqana
Kikubaaqudgha
Makhleb
Nemelex Xobeh
Okawaru
Qazlal
Ru
Sif Muna
Trog
Uskayaw
Vehumet
Wu Jian
Xom
Yredelemnul
Zin
The Shining One

Shops:
D:4 (   D:7 :


Innate Abilities, Weirdness & Mutations

You are resistant to torment.
Your stone body is resilient. (AC +7)
You are immune to poison.
You resist negative energy. (rN+)
You are resistant to electric shocks. (rElec)
You can survive without breathing.
You are immune to petrification.
You are immune to rotting.


Message History

You block the two-headed ogre's attack.
The two-headed ogre hits you with a giant spiked club!
You sock the two-headed ogre!
The two-headed ogre is heavily wounded.
You block the two-headed ogre's attack. x2
You thump the two-headed ogre!
The two-headed ogre is severely wounded.
You hit the two-headed ogre but do no damage.
The two-headed ogre is severely wounded.
The two-headed ogre hits you with a giant club!!
* * * LOW HITPOINT WARNING * * *
The two-headed ogre barely misses you.
You hit the two-headed ogre.
The two-headed ogre is severely wounded.
You block the two-headed ogre's attack. x2
You thump the two-headed ogre!
The two-headed ogre is almost dead.
You block the two-headed ogre's attack.
The two-headed ogre hits you with a giant spiked club!
You die...

###
.....######
#....FO@..#
#.#.#####.#
#.##.# .#
#†##.# .#
#.##.# .#
#.##)# .. .
#.##.# .# #.
#.##.# .#
#.#######.##.#


You could see a two-headed ogre and a bullfrog.

Vanquished Creatures
  The ghost of buskinjo the Insei, a novice OpTm of Gozag (D:7)
  A hornet (D:3)
  Grinder (D:6)
  Menkaure (D:6)
  An orc warrior (D:7)
  2 sky beasts (D:6)
  An ice beast (D:5)
  3 black bears
  2 ogres
  A centaur (D:5)
  A big kobold (D:7)
  2 bullfrogs
  2 scorpions
  5 killer bees (D:8)
  4 wights (D:6)
  2 howler monkeys
  A crimson imp (D:6)
  3 hounds (D:7)
  A bullfrog skeleton (D:4)
  5 orc wizards
  A centaur skeleton (D:7)
  4 iguanas
  5 worker ants
  A hound zombie (D:6)
  A hound skeleton (D:6)
  A worker ant zombie (D:7)
  11 adders
  A shadow imp (D:5)
  An adder skeleton (D:4)
  3 dart slugs
  A worm (D:3)
  5 leopard geckos
  31 orcs
  8 bats
  7 giant cockroaches
  4 goblins
  5 hobgoblins
  15 jackals
  13 kobolds
  5 quokkas
  2 ball pythons
  5 frilled lizards
  A jackal zombie (D:7)
  2 quokka skeletons
  15 rats
188 creatures vanquished.

Notes
Turn   | Place    | Note
-------+----------+-------------------------------------------
     0 | D:1      | poirepourri the Gargoyle Fighter began the quest for the Orb.
     0 | D:1      | Reached XP level 1. HP: 14/14 MP: 1/1
    50 | D:1      | Reached XP level 2. HP: 13/19 MP: 2/2
   879 | D:2      | Reached XP level 3. HP: 16/23 MP: 3/3
  1146 | D:2      | Reached XP level 4. HP: 28/28 MP: 4/4
  1284 | D:2      | Found a sparkling altar of Nemelex Xobeh.
  1790 | D:3      | Reached skill level 5 in Maces & Flails
  1922 | D:3      | Reached XP level 5. HP: 32/32 MP: 5/5
  2333 | D:3      | Found a hide-covered altar of Uskayaw.
  2647 | D:4      | Noticed a hornet
  2686 | D:3      | Killed a hornet
  2686 | D:3      | Reached XP level 6. HP: 26/37 MP: 6/6
  3028 | D:4      | Found a bloodstained altar of Trog.
  3084 | D:4      | Found Yptio's Weapon Shop.
  3341 | D:4      | Reached XP level 7. HP: 38/41 MP: 7/7
  3752 | D:5      | Entered Level 5 of the Dungeon
  4191 | D:5      | Reached skill level 5 in Fighting
  4191 | D:5      | Reached XP level 8. HP: 48/50 MP: 8/8
  4243 | D:5      | Noticed an air elemental
  4244 | D:5      | Found a stormy altar of Qazlal.
  4246 | D:5      | Noticed a water elemental
  4541 | D:6      | Noticed Menkaure
  4550 | D:6      | Killed Menkaure
  4735 | D:6      | Noticed Grinder
  4740 | D:6      | Paralysed by Grinder for 7 turns
  4753 | D:6      | Killed Grinder
  4846 | D:6      | Reached XP level 9. HP: 60/60 MP: 9/9
  4855 | D:6      | Reached skill level 4 in Shields
  4917 | D:6      | Identified a scroll of acquirement
  5013 | D:6      | Found a staircase to the Ecumenical Temple.
  5108 | Temple   | Entered the Ecumenical Temple
  5261 | Temple   | Became a worshipper of Makhleb the Destroyer
  5632 | D:7      | Reached skill level 5 in Shields
  5698 | D:7      | Noticed buskinjo's ghost (novice OpTm)
  5712 | D:7      | Killed buskinjo's ghost
  5712 | D:7      | Reached skill level 7 in Shields
  6033 | D:7      | Reached * piety under Makhleb
  6041 | D:7      | Reached skill level 8 in Shields
  6054 | D:7      | Found a hazy altar of Hepliaklqana.
  6059 | D:7      | Found an iron altar of Okawaru.
  6502 | D:7      | Found Wufed's Book Shop.
  6764 | D:8      | Reached skill level 9 in Shields
  6813 | D:8      | Reached ** piety under Makhleb
  6887 | D:8      | Reached XP level 10. HP: 65/66 MP: 10/10
  7054 | D:8      | Reached skill level 10 in Shields
  7112 | D:8      | Noticed a two-headed ogre
  7125 | D:8      | Mangled by a two-headed ogre

Skill      XL: |  1  2  3  4  5  6  7  8  9 10 |
---------------+-------------------------------+-----
Maces & Flails | 3 4 5 6 7 8 |  8.2
Fighting       | 5 9 |  9.0
Shields        | 9 10 | 10.1
Armour         | |  3.2

Action                   |  1- 3 |  4- 6 |  7- 9 | 10-12 || total
-------------------------+-------+-------+-------+-------++-------
Melee: Flail             |   135 |   205 |   432 |    52 ||   824
  Use: Scroll            |     6 |     7 |    13 |       ||    26
       Potion            |       |     4 |     3 |       ||     7
  Eat: Ration            |       |     2 |     4 |       ||     6
       Chunk             |       |     1 |       |       ||     1
Armor: Scale mail        |   115 |   182 |   267 |    18 ||   582
Dodge: Dodged            |    57 |    87 |   178 |    18 ||   340
Block: Shield            |   103 |   143 |   338 |    56 ||   640
